 Dungeon Crawl Stone Soup version 0.17.1-3-g152610e (webtiles) character file.

105 pipel the Skirmisher (level 4, -4/33 HPs)
             Began as an Octopode Chaos Knight on Mar 20, 2016.
             Slain by a gnoll
             ... wielding a +0 spear
              (9 damage)
             ... on level 4 of the Dungeon.
             The game lasted 00:07:37 (894 turns).

pipel the Skirmisher (Octopode Chaos Knight)         Turns: 894, Time: 00:07:37

Health: -4/33      AC:  1    Str: 11    XL:     4   Next: 81%
Magic:  4/4        EV: 13    Int: 19    God:    Xom [...*..]
Gold:   84         SH:  0    Dex: 12    Spells: 0 memorised, 3 levels left

rFire  . . .     SeeInvis +       - Unarmed
rCold  . . .     Clarity  +     (no shield)
rNeg   . . .     SustAt   .     (helmet restricted)
rPois  .         Gourm    .     n - amulet of clarity
rElec  .         Spirit   .     p - +5 ring of intelligence
rCorr  .         Warding  .     q - ring of see invisible
rMut   .         Stasis   .     (no ring)
MR     .....                    (no ring)
Stlth  ++........               (no ring)
                                (no ring)
                                (no ring)
                                (no ring)

@: not resistant to hostile enchantments, unstealthy
A: almost no armour, amphibious, 8 rings, constrict 8, camouflage 1, gelatinous
body 1
a: Renounce Religion


You were on level 4 of the Dungeon.
You worshipped Xom.
You were a favourite toy of Xom.
You were not hungry.

You visited 1 branch of the dungeon, and saw 5 of its levels.

You collected 84 gold pieces.

Inventory:

Hand Weapons
 e - a +0 short sword
Missiles
 f - 6 poisoned needles
Jewellery
 n - an amulet of clarity (around mantle)
 p - a +5 ring of intelligence (left tentacle)
 q - a ring of see invisible (right tentacle)
Scrolls
 d - a scroll of immolation
Potions
 i - 2 potions of might
 k - 2 potions of curing
Comestibles
 a - 2 bread rations
 b - a slice of pizza
 g - a meat ration


   Skills:
 + Level 4.0 Fighting
 + Level 3.1 Dodging
 - Level 0.4 Stealth
 + Level 4.0 Unarmed Combat


You had 3 spell levels left.
You didn't know any spells.

Dungeon Overview and Level Annotations

Branches:
Dungeon (5/15)
 Temple: D:4-7

Altars:
Ashenzari
Gozag
Okawaru

Shops:
D:4 (*

Annotations:
D:4 simples's ghost, amateur DsFE


Innate Abilities, Weirdness & Mutations

You cannot wear most types of armour.
You are amphibious.
You can wear up to eight rings at the same time.
You can use your tentacles to constrict eight enemies at once.
Your skin changes colour to match your surroundings (Stealth).
Your rubbery body absorbs attacks (AC +1).


Message History

* * * LOW HITPOINT WARNING * * *
There is a stone staircase leading up, spattered with blood here.
You tentacle-slap the gnoll. You grab the gnoll. You squeeze the gnoll.
The gnoll is heavily wounded.
You constrict the gnoll. The gnoll misses you.
You tentacle-slap the gnoll but do no damage.
The gnoll is heavily wounded.
You constrict the gnoll. The gnoll hits you with a spear.
* * * LOW HITPOINT WARNING * * *
The gnoll closely misses you.
Drink which item? (? for menu, Esc to quit)
Okay, then.
Read which item? (? for menu, Esc to quit)
Okay, then.
Drink which item? (? for menu, Esc to quit)
You feel better.
You constrict the gnoll. The gnoll hits you with a spear.
* * * LOW HITPOINT WARNING * * *
The gnoll hits you with a spear!
You die...
Xom chuckles heartily!

#########
#......g#
##'##
##.g.##
#.⌠.⌠.#
#.g@g.#
#.⌠.⌠.#
##...##
#####


You could see 3 gnolls.

Vanquished Creatures
  An orc priest (D:4)
  An adder (D:3)
  A gnoll (D:3)
  An adder skeleton (D:4)
  3 worms
  A giant gecko (D:1)
  6 orcs
  A hobgoblin (D:3)
  2 bats
  2 giant cockroaches
  A giant newt (D:3)
  5 goblins
  3 kobolds
  5 rats
33 creatures vanquished.

Vanquished Creatures (collateral kills)
  An adder (D:3)
  An orc (D:3)
  A ball python (D:3)
3 creatures vanquished.

Grand Total: 36 creatures vanquished

Notes
Turn   | Place    | Note
--------------------------------------------------------------
     0 | D:1      | pipel the Octopode Chaos Knight began the quest for the Orb.
     0 | D:1      | Reached XP level 1. HP: 16/16 MP: 1/1
    69 | D:2      | Reached XP level 2. HP: 13/21 MP: 2/2
   197 | D:3      | XOM: harmless Pois miscast
   259 | D:2      | XOM: potion effect (heal wounds)
   261 | D:2      | XOM: snakes to sticks
   283 | D:2      | Found an iron altar of Okawaru.
   283 | D:2      | Found an opulent altar of Gozag.
   283 | D:2      | Found a shattered altar of Ashenzari.
   307 | D:2      | Reached XP level 3. HP: 12/26 MP: 3/3
   478 | D:5      | Entered Level 5 of the Dungeon
   498 | D:4      | Found Beqico's General Store.
   499 | D:4      | Noticed simples's ghost (amateur DsFE)
   509 | D:3      | XOM: harmless Conj miscast
   621 | D:4      | Found Sesiop's Weapon Emporium.
   639 | D:4      | Reached XP level 4. HP: 24/33 MP: 4/4
   643 | D:4      | Reached skill level 4 in Fighting
   662 | D:5      | XOM is BORED!
   662 | D:5      | XOM: 1-stop teleportation journey
   663 | D:5      | Noticed a giant frog
   668 | D:5      | XOM: cast spell 'Summon Small Mammal'
   672 | D:5      | XOM: polymorph hound -> jelly
   673 | D:5      | XOM: potion effect (haste)
   680 | D:5      | XOM: divination: magic mapping
   706 | D:3      | XOM: noise
   749 | D:3      | XOM: divination: detect items
   817 | D:3      | XOM: mild Summ miscast
   818 | D:3      | Noticed a spatial vortex
   894 | D:4      | Slain by a gnoll

Action                   |  1- 3 |  4- 6 || total
-------------------------+-------+-------++-------
Melee: Unarmed           |    72 |    18 ||    90
  Use: Scroll            |       |     6 ||     6
       Potion            |       |     6 ||     6
 Stab: Sleeping          |     5 |       ||     5
  Eat: Chunk             |       |     1 ||     1
